 Dungeon Crawl Stone Soup version 0.28.0-45-g0d030f2227 (webtiles) character file.

Game seed: 7239983872362137818

3930 CryoSword the Fighter (level 10, -2/107 HPs)
             Began as an Ogre Berserker on Apr 17, 2022.
             Was a Believer of Trog.
             Slain by an ogre
             ... wielding a +0 glaive
              (22 damage)
             ... in a bailey.
             The game lasted 00:13:37 (8886 turns).

CryoSword the Fighter (Ogre Berserker)              Turns: 8886, Time: 00:13:38

Health: -2/107     AC:  5    Str: 23    XL:     10   Next: 21%
Magic:  10/10      EV: 12    Int:  8    God:    Trog [**....]
Gold:   146        SH:  0    Dex: 12    Spells: 9/9 levels left

rFire   . . .      SeeInvis .   v - +4 falchion of Tyfooh {spect, Will+}
rCold   . . .      Faith    .   (no shield)
rNeg    . . .      Spirit   .   b - +1 animal skin
rPois   .          Reflect  .   a - +1 hat
rElec   .          Harm     .   (no cloak)
rCorr   .          Rampage  .   (gloves unavailable)
Will    ++...                   (boots unavailable)
Stlth   +.........              (no amulet)
HPRegen 0.27/turn               (no ring)
MPRegen 0.12/turn               (no ring)

@: on berserk cooldown, slowed, very slow
A: large, unfitting armour, tough skin 1
a: Renounce Religion, Berserk, Trog's Hand


You were in a bailey.
You worshipped Trog.
Trog was pleased with you.
You visited 1 branch of the dungeon, and saw 7 of its levels.
You also visited: Bailey.

You collected 469 gold pieces.
You spent 323 gold pieces at shops.

Inventory:

Hand Weapons
 s - a +2 giant spiked club
   (You took it off an ogre on level 5 of the Dungeon)
 v - the +4 falchion of Tyfooh (weapon) {spect, Will+}
   (You found it on level 5 of the Dungeon)

   When its wielder attacks, the weapon's spirit leaps out and strikes again.
   The spirit shares a part of any damage it takes with its wielder.
   Will:      It increases your willpower.
 y - a +2 mace of freezing
   (You took it off a wight on level 6 of the Dungeon)
Missiles
 f - 7 large rocks
 h - 3 javelins
 o - 3 boomerangs
 u - 5 poisoned darts (quivered)
Armour
 a - a +1 hat (worn)
   (You bought it in a shop on level 5 of the Dungeon)
 b - a +1 animal skin (worn)
Wands
 x - a wand of flame (18)
   (You found it on level 6 of the Dungeon)
Scrolls
 j - a scroll of fear
 k - a scroll of teleportation {@r4}
 q - a scroll of fog
Potions
 c - 2 potions of invisibility {unknown}
 d - a potion of might {unknown}
 e - 2 potions of flight
 g - a potion of attraction {unknown}
 i - 2 potions of degeneration {unknown}
 l - a potion of brilliance {unknown}
 n - a potion of mutation {unknown}
 t - 2 potions of cancellation {unknown}
 w - a potion of heal wounds {unknown}


   Skills:
 + Level 9.4 Fighting
 * Level 8.9 Maces & Flails
 + Level 6.1 Throwing
 + Level 6.5 Dodging


You had 9 spell levels left.
You didn't know any spells.
Your spell library was empty.

Dungeon Overview and Level Annotations

Branches:
Dungeon (7/15)             Temple (0/1) D:4          Bailey (1/1)

Altars:
Gozag
Hepliaklqana
Kikubaaqudgha
Makhleb
Ru
Wu Jian

Shops:
D:1 [(?=*   D:2 =   D:4 [   D:5 *


Innate Abilities, Weirdness & Mutations

You are too large for most types of armour.
You have tough skin. (AC +1)


Message History

Trog accepts your kill. The goblin closely misses you.
You enter the shallow water.
Moving in this stuff is going to be slow.
Found a robe.
Found a flagged portal.
The goblin hits you but does no damage. The goblin closely misses you.
A wight comes into view. It is wielding a +0 falchion.
The goblin hits you from afar with a +0 spear.
The goblin hits you with a +0 spear.
You closely miss the goblin.
Your +4 falchion of Tyfooh {spect, Will+} closely misses the goblin.
The goblin hits you but does no damage. The goblin barely misses you.
You slash the goblin!
You kill the goblin!
Trog accepts your kill. The goblin barely misses you.
The goblin hits you from afar with a +0 spear.
The goblin misses you. The goblin barely misses you.
You see here a +0 spear.
You slash the goblin!
You kill the goblin!
Trog accepts your kill. The goblin misses you.
You barely miss the goblin.
Your +4 falchion of Tyfooh {spect, Will+} hits the goblin!!
You kill the goblin!
Trog accepts your kill.
You enter the shallow water.
Moving in this stuff is going to be slow.
You hear the faint creaking of a portcullis.
The wight barely misses you. The wight hits you with a +0 falchion!
You hit the wight.
Your +4 falchion of Tyfooh {spect, Will+} barely misses the wight.
The wight barely misses you.
You barely miss the wight.
Your +4 falchion of Tyfooh {spect, Will+} hits the wight!
The wight closely misses you.
You hit the wight.
Your +4 falchion of Tyfooh {spect, Will+} hits the wight!
You destroy the wight!
Trog accepts your kill.
You see here a +0 spear.
You see here a +0 spear.
There is a flagged portal here.
You start resting.
You hear the faint creaking of a portcullis.
You start resting.
The world spins around you as you enter the gateway.
You enter a bailey!
Found a gate leading back out of this place.
There is an empty arch of ancient stone here.
An ogre comes into view. It is wielding a +0 halberd.
The ogre hits you from afar with a +0 halberd!
The ogre hits you with a +0 halberd!!
You barely miss the ogre.
Your +4 falchion of Tyfooh {spect, Will+} hits the ogre!
The ogre hits you but does no damage.
You hit the ogre.
Your +4 falchion of Tyfooh {spect, Will+} hits the ogre!
The ogre hits you with a +0 halberd!
You slash the ogre!
You kill the ogre!
Trog accepts your kill.
You hear a splash.
You start resting.
You enter the shallow water.
Moving in this stuff is going to be slow.
Things that are here:
a +0 halberd; an ogre corpse An ogre comes into view.
It is wielding a +0 halberd.
An ogre comes into view. It is wielding a +0 halberd.
The ogre shouts!
You hear a shout! x3
A spriggan comes into view. It is wielding a +0 spear.
You hear a shout!
You hear an angry hiss.
You hear a shout!
You hear a shout!
You hear two shouts!
Your skin crawls.
You feel strong-willed.
The ogre hits you from afar with a +0 halberd!
The ogre hits you from afar with a +0 halberd.
Okay, then.
The spriggan closely misses you.
An ogre comes into view. It is wielding a +0 halberd.
The spriggan barely misses you.
You enter the shallow water.
Moving in this stuff is going to be slow.
The ogre shouts!
You hear a shout!
The spriggan hits you from afar with a +0 spear!
The ogre hits you from afar with a +0 halberd!
You hear an angry hiss.
The spriggan barely misses you.
An ogre comes into view. It is wielding a +0 glaive.
You feel the effects of Trog's Hand fading.
The ogre shouts!
A spriggan comes into view. It is wielding a +0 trident.
An ogre comes into view. It is wielding a +0 halberd.
The spriggan hits you from afar with a +0 spear!
Things that are here:
a +0 halberd; an ogre corpse A red film seems to cover your vision as you go berserk!
You feel yourself moving faster!
You feel mighty!
You can no longer call upon Trog for regeneration and willpower.
The spriggan shouts!
You hear a shout!
The ogre hits you from afar with a +0 halberd!!
An ogre comes into view. It is wielding a +0 glaive.
You feel a strong urge to attack something.
The ogre shouts!
The spriggan misses you. The ogre misses you. The ogre barely misses you.
The ogre hits you with a +0 halberd!
You slash the ogre!
The spriggan splashes around in the water.
You slash the ogre! You punch the ogre!
Your +4 falchion of Tyfooh {spect, Will+} hits the ogre!
You kill the ogre!
Trog accepts your kill.
Your skin stops crawling.
You feel less strong-willed. The ogre closely misses you.
The ogre hits you from afar with a +0 halberd!!
* * * LOW HITPOINT WARNING * * *
The ogre closely misses you.
The spriggan splashes around in the water.
You slash the ogre!
You kill the ogre!
Trog accepts your kill.
You hear a splash.
The ogre misses you. The spriggan barely misses you.
The ogre hits you from afar with a +0 glaive!
* * * LOW HITPOINT WARNING * * *
Things that are here:
a +0 halberd; an ogre corpse You slash the ogre!
Your +4 falchion of Tyfooh {spect, Will+} hits the ogre!
The spriggan barely misses you. The ogre barely misses you.
The ogre barely misses your +4 falchion of Tyfooh {spect, Will+}.
The ogre barely misses you.
The ogre hits you from afar with a +0 glaive.
* * * LOW HITPOINT WARNING * * *
You slash the ogre!
You kill the ogre!
Trog accepts your kill.
You can now call upon Trog for regeneration and willpower.
You hear a splash.
The spriggan hits you from afar with a +0 spear.
* * * LOW HITPOINT WARNING * * *
You are no longer berserk.
You are exhausted.
You feel yourself slow down. The ogre hits you with a +0 halberd!
* * * LOW HITPOINT WARNING * * *
The ogre hits you from afar with a +0 glaive!!
You die...

## .# ##.##
..# ##...##
#..## #.....#
♣..###.....##
#..≈≈≈..∩...#
#..≈≈≈......#
#..≈OO......#
#..≈O)@.....#
♣..ii)).∩...#
♣♣..###.....##
##..## #.....#
♣#..## ##...##
.#####♣#..##
##.##
....O....##
### #.......##
#########


You could see 3 ogres and 2 spriggans.

Vanquished Creatures
  A two-headed ogre (D:6)
  A cyclops (D:6)
  Prince Ribbit (D:6)
  A water moccasin (D:6)
  A black bear (D:6)
  A centaur (D:6)
  An ice beast (D:3)
  2 necrophages
  10 ogres
  A phantom (D:6)
  A wyvern zombie (D:6)
  A water moccasin zombie (D:5)
  2 scorpions (D:6)
  An electric eel (D:6)
  5 wights
  A howler monkey (D:6)
  3 bullfrog zombies
  An orc priest (D:6)
  A centaur skeleton (D:5)
  3 hounds
  A bullfrog skeleton (D:6)
  2 gnoll shamans
  3 iguanas (D:6)
  3 orc wizards (D:6)
  A howler monkey zombie (D:6)
  6 adders
  12 gnolls
  An ufetubus (D:5)
  3 dart slugs
  2 worms (D:2)
  18 orcs
  12 endoplasms
  3 giant cockroaches
  10 goblins
  5 hobgoblins
  3 jackals (D:1)
  2 quokkas
  12 ball pythons
  2 bats
  2 frilled lizards
  7 kobolds
  4 rats
153 creatures vanquished.

Vanquished Creatures (others)
  3 plants (D:6)
3 creatures vanquished.

Grand Total: 156 creatures vanquished

Notes
Turn   | Place    | Note
-------+----------+-------------------------------------------
     0 | D:1      | CryoSword the Ogre Berserker began the quest for the Orb.
     0 | D:1      | Reached XP level 1. HP: 24/24 MP: 1/1
    21 | D:1      | Found a faded altar of an unknown god.
    38 | D:1      | Found Ussol's Antique Armour Boutique.
   217 | D:1      | Reached XP level 2. HP: 28/32 MP: 2/2
   516 | D:1      | Found Unkuw's Weapon Emporium.
   619 | D:1      | Found Yro Gurph's Magic Scroll Boutique.
   681 | D:1      | Found Boikkogg's Jewellery Shoppe.
   838 | D:1      | Reached XP level 3. HP: 40/40 MP: 3/3
   959 | D:1      | Found Giynarul's General Store.
  1263 | D:2      | Found Hynu's Jewellery Emporium.
  1421 | D:2      | Reached ** piety under Trog
  1962 | D:2      | Reached XP level 4. HP: 44/49 MP: 4/4
  2255 | D:2      | Reached skill level 1 in Throwing
  2475 | D:3      | Found an ornate altar of the Wu Jian Council.
  2628 | D:3      | Found an opulent altar of Gozag.
  2628 | D:3      | Found Gozag's Platinum Reserve.
  2897 | D:3      | Noticed an ice beast
  2923 | D:3      | Killed an ice beast
  2924 | D:3      | Reached skill level 5 in Fighting
  2924 | D:3      | Reached XP level 5. HP: 57/57 MP: 5/5
  3050 | D:3      | Found a burning altar of Makhleb.
  3160 | D:3      | Found a hazy altar of Hepliaklqana.
  3347 | D:4      | Found a staircase to the Ecumenical Temple.
  3486 | D:4      | Noticed a necrophage
  3494 | D:4      | Killed a necrophage
  3495 | D:4      | Reached XP level 6. HP: 66/66 MP: 6/6
  3746 | D:4      | Found Kusihis's Antique Armour Boutique.
  3985 | D:1      | Bought a scroll of identify for 26 gold pieces
  3985 | D:1      | Bought a scroll of enchant weapon for 97 gold pieces
  3985 | D:1      | Bought a scroll of fog for 26 gold pieces
  4445 | D:5      | Entered Level 5 of the Dungeon
  4562 | D:5      | Reached XP level 7. HP: 72/74 MP: 7/7
  4786 | D:5      | Found Juam Gec's General Store.
  4811 | D:5      | Reached skill level 6 in Fighting
  4811 | D:5      | Reached skill level 5 in Maces & Flails
  4915 | D:5      | Bought a scroll of immolation for 42 gold pieces
  5438 | D:5      | Identified the +4 falchion of Tyfooh {spect, Will+}
  5605 | D:5      | Reached XP level 8. HP: 29/84 MP: 8/8
  5955 | D:6      | Found a sacrificial altar of Ru.
  6127 | D:6      | Reached skill level 7 in Fighting
  6391 | D:6      | Reached skill level 5 in Dodging
  6809 | D:5      | Bought a +1 hat for 132 gold pieces
  7184 | D:6      | Reached XP level 9. HP: 94/94 MP: 9/9
  7384 | D:6      | Found an ancient bone altar of Kikubaaqudgha.
  7425 | D:6      | Noticed Prince Ribbit
  7447 | D:6      | Killed Prince Ribbit
  7448 | D:6      | Reached skill level 8 in Fighting
  7591 | D:6      | Noticed a cyclops
  7599 | D:6      | Killed a cyclops
  7600 | D:6      | Reached skill level 5 in Throwing
  8209 | D:6      | Noticed a two-headed ogre
  8400 | D:6      | Killed a two-headed ogre
  8401 | D:6      | Reached skill level 9 in Fighting
  8401 | D:6      | Reached XP level 10. HP: 107/107 MP: 10/10
  8629 | D:7      | Found a flagged portal.
  8692 | Bailey   | Entered a bailey
  8886 | Bailey   | Slain by an ogre

Illustrated notes

Levels and vault maps discovered:
D:1:      lightli_arrival_noodles, layout_loops_cross,
          ebering_ecumenical_altar_sacrificial, serial_shops, shop, shop, shop,
          nicolae_shop_window_shopping, shop_coins
D:2:      minmay_diamond_boxcup, layout_basic, serial_shops,
          nicolae_shop_temple_entry_statues_fountains
D:3:      minmay_wonky_spiral, layout_basic, nicolae_gozag_zags_fifth_avenue,
          mainiacjoe_overflow_surrounded_room, nzn_wu_jian_council_hall,
          nicolae_hepliaklqana_hazy_memory
D:4:      layout_rooms, minmay_temple_entry_trees, hangedman_glass_teeth,
          roderic_roman_lattice, kennysheep_small_square
D:5:      layout_loops_ring, serial_shops, shop
D:6:      layout_cave_pools, lemuel_crystal_altar, old_standard_altar,
          corexii_shack, minivault_14, nzn_random_ring, uniq_prince_ribbit1
D:7:      layout_gridville, enter_bailey_3, uniq_pikel
Bailey:   bailey_polearm_enchanted_keep_hellmonk, bailey

Skill      XL: |  1  2  3  4  5  6  7  8  9 |
---------------+----------------------------+-----
Maces & Flails | 3 4 5 7 8 |  8.9
Dodging        | 3 4 5 6 |  6.5
Throwing       | 1 2 3 4 6 |  6.1
Fighting       | 5 6 7 9 |  9.4

Action                   |  1- 3 |  4- 6 |  7- 9 | 10-12 || total
-------------------------+-------+-------+-------+-------++-------
Melee: Dagger            |    99 |   127 |    38 |       ||   264
       Mace              |     8 |       |       |       ||     8
       Punch             |     1 |     1 |     6 |     1 ||     9
       Falchion          |       |       |   112 |    19 ||   131
Throw: Javelin           |       |       |     1 |       ||     1
       Dart              |       |       |     6 |       ||     6
Invok: Berserk           |     2 |     3 |    10 |     1 ||    16
       Trog's Hand       |       |     2 |    10 |     1 ||    13
Evoke: Wand              |       |       |     2 |       ||     2
  Use: Scroll            |       |     1 |     8 |       ||     9
Armor: Animal skin       |    33 |    15 |    31 |     4 ||    83
Dodge: Dodged            |    51 |    56 |    84 |    28 ||   219
